 Dungeon Crawl Stone Soup version 0.24.0-123-gd5b16e6ec5 (webtiles) character file.

Game seed: 11393457666695179209, levelgen mode: deterministic

752 Descartes the Gusty (level 7, -9/36 HPs)
             Began as a Deep Elf Air Elementalist on Jan 9, 2020.
             Mangled by an orc warrior
             ... wielding a +0 battleaxe
              (25 damage)
             ... on level 5 of the Dungeon on Jan 12, 2020.
             The game lasted 00:20:53 (6171 turns).

Descartes the Gusty (Deep Elf Air Elementalist)     Turns: 6171, Time: 00:20:54

Health: -9/36      AC:  4    Str:  5    XL:     7   Next: 49%
Magic:  12/16      EV: 13    Int: 22    God:
Gold:   229        SH:  0    Dex: 15    Spells: 6/16 levels left

rFire    . . .     SeeInvis .   w - +0 falchion
rCold    . . .     Gourm    .   (no shield)
rNeg     . . .     Faith    .   v - +0 leather armour
rPois    .         Spirit   .   (no helmet)
rElec    .         Reflect  .   (no cloak)
rCorr    .         Harm     .   u - +0 pair of gloves
MR       .....                  (no boots)
Stlth    +++.......             t - amulet of regeneration
HPRegen  0.52/turn              (no ring)
MPRegen  0.15/turn              h - ring of wizardry

@: swift, quick
A: no striking features
a: no special abilities


You were on level 5 of the Dungeon.
You were not hungry.

You visited 1 branch of the dungeon, and saw 6 of its levels.

You collected 229 gold pieces.

Inventory:

Hand Weapons
 d - a +0 shortbow
 p - a +0 rapier
 w - a +0 falchion (weapon)
Missiles
 f - 168 stones (quivered)
 i - 38 arrows
 r - 5 javelins
Armour
 u - a +0 pair of gloves (worn)
 v - a +0 leather armour (worn)
Jewellery
 h - a ring of wizardry (right hand)
 t - an amulet of regeneration (around neck)
Scrolls
 c - a scroll of teleportation
 e - 3 scrolls of amnesia {unknown}
 l - a scroll of random uselessness {unknown}
 m - a scroll of enchant weapon
 q - a scroll of fog {unknown}
Potions
 a - a potion of haste {unknown}
 b - 2 potions of flight
 g - 2 potions of heal wounds
 j - a potion of brilliance {unknown}
 k - 2 potions of lignification
 o - a potion of invisibility
 x - 3 potions of curing {unknown}
Comestibles
 n - 4 chunks of flesh
 s - 8 rations


   Skills:
 + Level 1.5 Armour
 + Level 4.5 Dodging
 + Level 4.8 Stealth
 + Level 5.0 Spellcasting
 + Level 3.3 Conjurations
 + Level 3.4 Charms
 * Level 5.1 Air Magic


You had 6 spell levels left.
You knew the following spells:

 Your Spells              Type           Power        Failure   Level  Hunger
a - Shock                 Conj/Air       ###.         1%          1    None
b - Swiftness             Chrm/Air       ###.....     1%          2    None
c - Static Discharge      Conj/Air       ###.....     3%          3    ##.....
d - Airstrike             Air            ####......   8%          4    ####...

Your spell library contained the following spells:

 Spells                   Type           Power        Failure   Level  Hunger
 Lightning Bolt           Conj/Air       ###.......   32%         5    #####..


Dungeon Overview and Level Annotations

Branches:
Dungeon (6/15)
 Temple: D:4-7

Altars:
Fedhas
Gozag
Kikubaaqudgha
Makhleb
Qazlal
Uskayaw
Wu Jian
Yredelemnul


Message History

The zap hits the orc warrior.
The orc warrior is moderately wounded.
Casting: Shock (safe; 1% risk of failure)
Confirm with . or Enter, or press ? or * to list all spells.
Aiming: Shock (safe; 1% risk of failure)
Press: ? - help, Shift-Dir - straight line, f/p - orc warrior
Aim: an orc warrior, wielding a +0 battleaxe and wearing a +0 chain mail (moderately wounded)
The zap hits the orc warrior but does no damage.
The orc warrior is moderately wounded.
The orc warrior hits you with a +0 battleaxe!
Casting: Shock (safe; 1% risk of failure)
Confirm with . or Enter, or press ? or * to list all spells.
Aiming: Shock (safe; 1% risk of failure)
Press: ? - help, Shift-Dir - straight line, f/p - orc warrior
Aim: an orc warrior, wielding a +0 battleaxe and wearing a +0 chain mail (moderately wounded)
The zap hits the orc warrior.
The orc warrior is heavily wounded.
The orc warrior hits you with a +0 battleaxe!!
Ouch! That really hurt!
You die...

# ##############
.............#
#########....## #
#.......###########
#........o@.......#
#.......#####.....######
###..<.## #..........# ####
#....# #.....####.# ...#
#..#.# #.....####.# ...#
#.##.# ###########...# ##.##
#.##.###.........).###
#.#.#####.##........#####..#
.###......######.##.# #..#


You could see an orc warrior.

Vanquished Creatures
  A centaur (D:5)
  2 scorpions
  2 hounds (D:4)
  2 orc priests
  4 orc wizards
  A centaur skeleton (D:4)
  An iguana (D:5)
  2 worker ants (D:4)
  A hound skeleton (D:5)
  7 adders
  3 gnolls (D:3)
  A shadow imp (D:5)
  3 oozes
  2 adder skeletons
  5 worms
  A dart slug (D:1)
  3 leopard geckos
  11 orcs
  4 giant cockroaches
  7 goblins
  7 hobgoblins
  2 jackals (D:4)
  7 kobolds
  4 quokkas
  3 ball pythons
  7 bats
  5 frilled lizards
  7 rats
  A spectral orc (D:2)
106 creatures vanquished.

Notes
Turn   | Place    | Note
-------+----------+-------------------------------------------
     0 | D:1      | Descartes the Deep Elf Air Elementalist began the quest for
                  | the Orb.
     0 | D:1      | Reached XP level 1. HP: 10/10 MP: 6/6
   408 | D:1      | Reached XP level 2. HP: 15/15 MP: 5/8
   898 | D:1      | Learned a level 2 spell: Swiftness
  1147 | D:1      | Reached XP level 3. HP: 6/19 MP: 3/9
  2185 | D:2      | Learned a level 3 spell: Static Discharge
  2510 | D:2      | Found a basalt altar of Yredelemnul.
  2685 | D:2      | Found an ornate altar of the Wu Jian Council.
  2689 | D:2      | Found an ancient bone altar of Kikubaaqudgha.
  2765 | D:2      | Reached XP level 4. HP: 24/24 MP: 9/11
  3543 | D:3      | Found a burning altar of Makhleb.
  3578 | D:3      | Reached skill level 1 in Charms
  3798 | D:3      | Reached XP level 5. HP: 28/28 MP: 3/12
  4511 | D:4      | Reached XP level 6. HP: 11/32 MP: 7/14
  4839 | D:4      | Found an opulent altar of Gozag.
  4999 | D:4      | Found a blossoming altar of Fedhas.
  5003 | D:4      | Found a stormy altar of Qazlal.
  5012 | D:4      | Found a hide-covered altar of Uskayaw.
  5023 | D:4      | Reached skill level 1 in Armour
  5086 | D:4      | Learned a level 4 spell: Airstrike
  5241 | D:5      | Entered Level 5 of the Dungeon
  5407 | D:5      | Reached XP level 7. HP: 20/36 MP: 8/16
  5664 | D:5      | Reached skill level 5 in Air Magic
  6090 | D:5      | Reached skill level 5 in Spellcasting
  6171 | D:5      | Mangled by an orc warrior

Levels and vault maps discovered:
D:1:      nicolae_arrival_somewhat_less_tricky_arrival, layout_basic
D:2:      layout_loops_ring, yredelemnul_forgotten_temple_becter, minitemple,
          grunt_ministairs_13
D:3:      layout_rooms, bloody_makhleb
D:4:      layout_basic, grunt_temple_overflow_forces_of_nature,
          eat_drink_and_be_merry_uskayaw, hangedman_decor_slide_cut,
          grunt_gozag_breadcrumbs
D:5:      layout_loops_ring, first_ration
D:6:      layout_cave_pools, gammafunk_ghost_stat_death,
          nicolae_qazlal_eye_of_the_storm

Skill      XL: |  1  2  3  4  5  6  7 |
---------------+----------------------+-----
Stealth        | 3 4 |  4.8
Dodging        | 3 4 |  4.5
Conjurations   | 2 3 |  3.3
Charms         | 1 2 3 |  3.4
Spellcasting   | 4 5 |  5.0
Air Magic      | 4 5 |  5.1
Armour         | 1 |  1.5

Action                   |  1- 3 |  4- 6 |  7- 9 || total
-------------------------+-------+-------+-------++-------
Melee: Dagger            |     3 |       |       ||     3
       Rapier            |       |    12 |       ||    12
       Spear             |       |     2 |       ||     2
 Cast: Shock             |   105 |   168 |    47 ||   320
       Swiftness         |       |     1 |     2 ||     3
  Use: Scroll            |     4 |     5 |       ||     9
 Stab: Sleeping          |       |     3 |       ||     3
  Eat: Chunk             |     3 |     7 |     3 ||    13
       Ration            |     1 |       |       ||     1
Armor: Robe              |     5 |       |       ||     5
       Leather armour    |       |     2 |     5 ||     7
Dodge: Dodged            |    16 |    22 |    16 ||    54
       Rpst.: Falchion   |       |     4 |     5 ||     9
